 Dungeon Crawl Stone Soup version 0.27.1-35-g4d5d836560 (webtiles) character file.

Game seed: 7991098766107975161

82 Delamore the Sneak (level 4, -1/29 HPs)
             Began as an Octopode Brigand on May 3, 2022.
             Shot with a bolt by a kobold (10 damage)
             ... on level 4 of the Dungeon.
             The game lasted 00:04:31 (3597 turns).

Delamore the Sneak (Octopode Brigand)               Turns: 3597, Time: 00:04:32

Health: -1/29      AC:  1    Str:  8    XL:     4   Next: 43%
Magic:  8/13       EV: 12    Int: 23    God:
Gold:   93         SH:  0    Dex: 14    Spells: 3/4 levels left

rFire    + . .     SeeInvis .   a - +2 dagger
rCold    . . .     Faith    .   (no shield)
rNeg     . . .     Spirit   .   (helmet restricted)
rPois    .         Reflect  .   (no amulet)
rElec    .         Harm     .   d - ring of Itept {rF+ rCorr Str-2 Int+10}
rCorr    +         Rampage  .   h - ring of magical power
Will     .....                  (no ring)
Stlth    ++++......             (no ring)
HPRegen  0.09/turn              (no ring)
MPRegen  0.13/turn              (no ring)
                                (no ring)
                                (no ring)

@: no status effects
A: almost no armour, amphibious, 8 rings, camouflage 1, gelatinous body 1,
(nimble swimmer 1), tentacles
a: no special abilities


You were on level 4 of the Dungeon.
You visited 1 branch of the dungeon, and saw 4 of its levels.

You collected 93 gold pieces.

Inventory:

Hand Weapons
 a - a +2 dagger (weapon)
Missiles
 b - 8 poisoned darts
 c - a curare-tipped dart (quivered)
Jewellery
 d - the ring of Itept (left tentacle) {rF+ rCorr Str-2 Int+10}
   (You acquired it on level 3 of the Dungeon)

   [ring of resist corrosion]

   Str:       It affects your strength (-2).
   Int:       It affects your intelligence (+10).
   rF:        It protects you from fire.
   rCorr:     It protects you from acid and corrosion.
 h - a ring of magical power (right tentacle)
Potions
 e - 2 potions of brilliance
 f - a potion of lignification {unknown}


   Skills:
 - Level 2.0 Fighting
 * Level 3.9 Short Blades
 - Level 2.0 Throwing
 - Level 1.0 Dodging
 - Level 6.0 Stealth
 + Level 0.5 Spellcasting


You had 3 spell levels left.
You knew the following spells:

 Your Spells              Type           Power      Damage    Failure   Level
a - Shock                 Conj/Air       0%         1d3       16%         1

Your spell library contained the following spells:

 Spells                   Type           Power      Damage    Failure   Level
 Sting                    Tmut/Pois      0%         1d3       16%         1
 Wereblood                Tmut           0%         N/A       22%         2
 Sticky Flame             Conj/Fire      0%         2d3       83%         4


Dungeon Overview and Level Annotations

Branches:
Dungeon (4/15)
 Temple: D:4-7

Altars:


Innate Abilities, Weirdness & Mutations

You cannot wear most types of armour.
You are amphibious.
You can wear up to eight rings at the same time.
Your skin changes colour to match your surroundings (Stealth+).
Your rubbery body absorbs attacks. (AC +1, EV +1)
((You are camouflaged near water. (Stealth+)))
You have tentacles for arms and can constrict up to eight enemies at once.


Message History

Casting: Shock (safe; 16% risk of failure)
Confirm with . or Enter, or press ? or * to list all spells.
Aiming: Shock (safe; 16% risk of failure)
Press: ? - help, Shift-Dir - straight line, f/p - kobold
Aim: a kobold, wielding a +2 short sword of protection and quivering poisoned darts (heavily wounded, 55% to hit)
The zap hits the kobold but does no damage.
The kobold is heavily wounded.
You feel sick.
A kobold comes into view. It is wielding a +0 whip.
Casting: Shock (safe; 16% risk of failure)
Confirm with . or Enter, or press ? or * to list all spells.
Aiming: Shock (safe; 16% risk of failure)
Press: ? - help, Shift-Dir - straight line, f/p - kobold
Aim: a kobold, wielding a +2 short sword of protection and quivering poisoned darts (heavily wounded, 55% to hit)
The zap hits the kobold.
You kill the kobold!
You feel sick.
The kobold unwields a +0 whip.
The kobold wields a +0 hand crossbow.
The kobold shoots a bolt.
The bolt hits you!
Casting: Shock (safe; 16% risk of failure)
Confirm with . or Enter, or press ? or * to list all spells.
Aiming: Shock (safe; 16% risk of failure)
Press: ? - help, Shift-Dir - straight line, f - kobold
Aim: a kobold, wielding a +0 hand crossbow and quivering bolts (55% to hit)
The zap misses the kobold.
You feel sick.
Throw: 2 darts (curare)
Press: ? - help, Q - select action, (/) - cycle Shift-Dir - straight line, f/p - kobold
Aim: a kobold, wielding a +0 hand crossbow and quivering bolts (53% to hit)
You throw a curare-tipped dart.
The curare-tipped dart closely misses the kobold.
You feel sick.
The kobold shoots a bolt.
The bolt barely misses you.
You feel sick.
You feel sick.
You feel sick.
You are no longer poisoned.
You see here a +0 ring mail.
The kobold shoots a bolt.
The bolt hits you.
* * * LOW HITPOINT WARNING * * *
The kobold shoots a bolt.
The bolt hits you!
You die...

############
#...<.......
#.##........
#@##.#####..
#.##.# #[##.#
#.###.##.# ##.
#......#.##.....
#.###...........
#.....).....
#...K...........
..).#####.#.#.###.


You could see a kobold.

Vanquished Creatures
  2 adders (D:2)
  A dart slug (D:3)
  2 orcs
  9 bats
  5 endoplasms
  2 giant cockroaches
  3 goblins
  9 hobgoblins
  3 jackals (D:1)
  2 kobolds
  2 quokkas
  5 ball pythons
  3 frilled lizards
  8 rats
56 creatures vanquished.

Vanquished Creatures (others)
  2 fungi (D:2)
  2 plants (D:2)
4 creatures vanquished.

Grand Total: 60 creatures vanquished

Notes
Turn   | Place    | Note
-------+----------+-------------------------------------------
     0 | D:1      | Delamore the Octopode Brigand began the quest for the Orb.
     0 | D:1      | Reached XP level 1. HP: 14/14 MP: 1/1
   136 | D:1      | Reached XP level 2. HP: 15/19 MP: 2/2
   719 | D:1      | Reached XP level 3. HP: 20/24 MP: 3/3
  1260 | D:2      | Found a faded altar of an unknown god.
  1266 | D:2      | Reached skill level 6 in Stealth
  1268 | D:2      | Got Plato's Grimoire of Air
  1744 | D:3      | Reached XP level 4. HP: 26/29 MP: 4/4
  1744 | D:3      | Identified a scroll of acquirement
  1770 | D:3      | Acquired the ring of Itept {rF+ rCorr Str-2 Int+10}
  1775 | D:3      | Learned a level 1 spell: Shock
  2424 | D:3      | Got Hun Supu's Reference Book on Damaging Transmutation
  3119 | D:3      | Noticed a phantom
  3597 | D:4      | Shot with a bolt by a kobold

Illustrated notes

Levels and vault maps discovered:
D:1:      lightli_iron_boxes, layout_loops_ring
D:2:      layout_loops_cross, shapermc_ecumenical_altar_rom_forum,
          kennysheep_generic_room_11
D:3:      layout_basic, serial_curves, eino_curves_02, eino_curves_04,
          minmay_divided_ellipse
D:4:      layout_loops_ring, chequers_garden

Skill      XL: |  1  2  3 |
---------------+----------+-----
Short Blades   | 3 |  3.9
Stealth        | 6 |  6.0
Fighting       | |  2.0
Throwing       | |  2.0
Dodging        | |  1.0
Spellcasting   | |  0.5

Action                   |  1- 3 |  4- 6 || total
-------------------------+-------+-------++-------
Melee: Dagger            |    64 |    28 ||    92
       Constrict         |    16 |     7 ||    23
       Tentacles         |     8 |     5 ||    13
Throw: Dart              |     1 |     6 ||     7
 Cast: Shock             |       |    19 ||    19
  Use: Scroll            |     2 |     4 ||     6
       Potion            |       |     1 ||     1
 Stab: Sleeping          |    12 |     7 ||    19
Armor: Skin              |     8 |     6 ||    14
Dodge: Dodged            |    31 |    18 ||    49
